 Dungeon Crawl Stone Soup version 0.30-a0-591-g3c58d2bc28 (webtiles) character file.

Game seed: 315286728241176463

330 gelatine the Firebug (level 6, -10/41 HPs)
             Began as a Demonspawn Fire Elementalist on Jan 5, 2023.
             Shot with a bolt by an orc warrior (22 damage)
             ... on level 6 of the Dungeon.
             The game lasted 00:09:06 (4092 turns).

gelatine the Firebug (Demonspawn Fire Elementalist) Turns: 4092, Time: 00:09:06

Health: -10/41     AC:  7    Str:  8    XL:     6   Next: 26%
Magic:  2/11       EV: 12    Int: 19    God:
Gold:   188        SH:  5    Dex: 13    Spells: 9/12 levels left

rFire   . . .      SeeInvis +    A - +3 quarterstaff (chaos)
rCold   . . .      Faith    .    (shield currently unavailable)
rNeg    + + +      Spirit   .    a - +0 robe
rPois   .          Reflect  +    (no helmet)
rElec   .          Harm     .    z - +0 cloak
rCorr   .          Rampage  .    (no gloves)
Will    .....                    (no boots)
Stlth   ++                       v - amulet of the Scuffed God {Reflect rN++ SH+5 SInv}
HPRegen 0.26/turn                j - +4 ring of protection
MPRegen 0.12/turn                w - ring of positive energy

@: no status effects
A: ignite blood 1, spiny 1, weakness stinger 1
a: no special abilities


You were on level 6 of the Dungeon.
You visited 1 branch of the dungeon, and saw 5 of its levels.

You collected 208 gold pieces.
You spent 20 gold pieces at shops.

Inventory:

Hand Weapons
 c - a +0 dagger
 f - a +0 short sword
 A - a +3 quarterstaff of chaos (weapon)
Armour
 a - a +0 robe (worn)
 z - a +0 cloak (worn)
Jewellery
 j - a +4 ring of protection (left hand)
 q - a ring of ice
 v - the amulet of the Scuffed God (around neck) {Reflect rN++ SH+5 SInv}
   (You found it on level 3 of the Dungeon)

   [amulet of reflection]

   It reflects blocked missile attacks.
   rN:        It greatly protects you from negative energy.
   SInv:      It lets you see invisible.
   SH:        It affects your SH (+5).
 w - a ring of positive energy (right hand)
Wands
 D - a wand of iceblast (10)
Scrolls
 d - a scroll of brand weapon
 g - a scroll of blinking
 i - a scroll of acquirement {unknown}
 k - a scroll of fear {unknown}
 l - a scroll of immolation {unknown}
 m - a scroll of amnesia {unknown}
 n - a scroll of fog {unknown}
 o - 3 scrolls of silence {unknown}
 y - a scroll of enchant weapon {unknown}
 C - a scroll of vulnerability {unknown}
Potions
 b - a potion of magic
 e - 2 potions of lignification
 h - 2 potions of might
 p - a potion of invisibility {unknown}
 r - 2 potions of curing {unknown}
 s - a potion of haste {unknown}
 t - a potion of degeneration {unknown}
 u - 2 potions of flight {unknown}
 x - a potion of heal wounds
 B - a potion of cancellation {unknown}


   Skills:
 + Level 0.2 Fighting
 + Level 1.0 Short Blades
 + Level 2.2 Dodging
 + Level 2.1 Stealth
 + Level 3.9 Spellcasting
 + Level 2.9 Conjurations
 + Level 4.0 Fire Magic


You had 9 spell levels left.
You knew the following spells:

 Your Spells              Type           Power      Damage    Failure   Level
a - Foxfire               Conj/Fire      68%        2x1d7     3%          1
b - Scorch                Fire           38%        2d7       4%          2

Your spell library contained the following spells:

 Spells                   Type           Power      Damage    Failure   Level
 Momentum Strike          Conj/Tloc      18%        3d8       12%         2
 Inner Flame              Hex/Fire       11%        N/A       19%         3
 Blink                    Tloc           6%         N/A       22%         2
 Kindle Blastsparks       Fire/Tloc/Air  16%        2d11      24%         3
 Flame Wave               Conj/Fire      17%        2d7       32%         4
 Lesser Beckoning         Tloc           6%         N/A       38%         3


Dungeon Overview and Level Annotations

Branches:
Dungeon (4/15)
 Temple: D:4-7

Altars:
Nemelex Xobeh
Qazlal
Sif Muna
Xom

Shops:
D:2 ?

Annotations:
D:3 1 runed translucent door, Alacron's ghost, amateur GnCA


Innate Abilities, Weirdness & Mutations

Your demonic aura sometimes causes spilled blood to erupt in flames.
You are partially covered in sharp spines.
You have a small tail.


Message History

You conjure some foxfire!
The foxfire hits the orc warrior.
The orc warrior is moderately wounded.
The foxfire hits the orc warrior.
The orc warrior is heavily wounded.
An orc comes into view. It is wielding a +0 hand axe.
You conjure some foxfire!
The foxfire hits the orc warrior.
The orc warrior is heavily wounded.
Your foxfire dissipates!
The orc warrior shoots a bolt.
The bolt barely misses you.
The foxfire hits the orc warrior but does no damage.
The orc warrior is heavily wounded.
You conjure some foxfire!
The foxfire hits the orc warrior but does no damage.
The orc warrior is heavily wounded.
The orc warrior shoots a bolt.
The bolt hits you!!
* * * LOW HITPOINT WARNING * * *
An orc comes into view. It is wielding a +0 short sword.
The foxfire hits the orc warrior.
The orc warrior is severely wounded.
You are too injured to fight recklessly!
You feel much better.
The foxfire hits the orc warrior.
The orc warrior is severely wounded.
You conjure some foxfire!
The foxfire hits the orc warrior but does no damage.
The orc warrior is severely wounded.
The foxfire hits the orc warrior!
The orc warrior is almost dead.
The orc warrior shoots a bolt.
The bolt hits you!!
* * * LOW HITPOINT WARNING * * *
A sky beast comes into view.
You are too injured to fight recklessly!
The foxfire hits the orc.
The orc is heavily wounded.
The foxfire hits the orc.
You kill the orc!
Casting: Foxfire (safe; 3% risk of failure)
Confirm with . or Enter, or press ? or * to list all spells.
You conjure some foxfire!
The orc warrior shoots a bolt.
The bolt hits you!!
Ouch! That really hurt!
You die...

## ..
#.#############
#..............
##..@v....#####
##.§v....#
##§§.......#
##§.......#
...)..####
=.o....#
...)....#
......Y..
..........


You could see an orc warrior (ally target) and a sky beast.

Vanquished Creatures
  2 orc priests
  Crazy Yiuf (D:3)
  Jessica (D:3)
  Natasha (thrice) (D:2)
  5 adders
  A gnoll (D:2)
  6 dart slugs
  5 orcs
  8 ball pythons
  6 endoplasms
  4 giant cockroaches
  9 hobgoblins
  A jackal (D:2)
  2 quokkas (D:2)
  6 bats
  6 frilled lizards
  3 goblins
  7 kobolds
  5 rats
81 creatures vanquished.

Vanquished Creatures (collateral kills)
  4 foxfires (D:2)
4 creatures vanquished.

Vanquished Creatures (others)
  A hobgoblin zombie (D:4)
  284 foxfires
  2 withered plants (D:3)
287 creatures vanquished.

Grand Total: 372 creatures vanquished

Notes
Turn   | Place    | Note
-------+----------+-------------------------------------------
     0 | D:1      | gelatine the Demonspawn Fire Elementalist began the quest
                  | for the Orb.
     0 | D:1      | Reached XP level 1. HP: 13/13 MP: 3/3
   292 | D:1      | Gained mutation: You have a small tail. [demonic ancestry]
   292 | D:1      | Reached XP level 2. HP: 19/19 MP: 0/5
   451 | D:1      | Reached skill level 3 in Fire Magic
   776 | D:1      | Gained mutation: Your demonic aura sometimes causes spilled
                  | blood to erupt in flames. [demonic ancestry]
   776 | D:1      | Reached XP level 3. HP: 24/24 MP: 2/6
  1242 | D:2      | Noticed Natasha
  1254 | D:2      | Found Utsothau's Magic Scroll Emporium.
  1265 | D:2      | Killed Natasha
  1294 | D:2      | Bought a scroll of identify for 20 gold pieces
  1417 | D:2      | Reached XP level 4. HP: 30/30 MP: 3/8
  1716 | D:2      | Noticed Natasha
  1722 | D:2      | Killed Natasha
  1767 | D:2      | Learned a level 2 spell: Scorch
  1949 | D:2      | Noticed Natasha
  1955 | D:2      | Killed Natasha
  1956 | D:2      | Reached skill level 1 in Short Blades
  1986 | D:2      | Gained mutation: You are partially covered in sharp spines.
                  | [demonic ancestry]
  1986 | D:2      | Reached XP level 5. HP: 35/35 MP: 0/9
  2108 | D:2      | Found a faded altar of an unknown god.
  2441 | D:2      | Found a stormy altar of Qazlal.
  2589 | D:3      | Found a runed translucent door.
  2702 | D:3      | Noticed Alacron's ghost (amateur GnCA)
  2801 | D:3      | Identified the amulet of the Scuffed God {Reflect rN++ SH+5
                  | SInv}
  3037 | D:3      | Noticed Jessica
  3041 | D:3      | Killed Jessica
  3328 | D:3      | Found a sparkling altar of Nemelex Xobeh.
  3429 | D:3      | Found a runed translucent door.
  3430 | D:3      | Noticed Crazy Yiuf
  3438 | D:3      | Killed Crazy Yiuf
  3913 | D:4      | Reached skill level 4 in Fire Magic
  3913 | D:4      | Reached XP level 6. HP: 41/41 MP: 7/11
  4076 | D:4      | Found a shimmering blue altar of Sif Muna.
  4076 | D:4      | Found a shimmering altar of Xom.
  4078 | D:4      | You fall into a shaft and drop 2 floors!
  4082 | D:6      | Noticed an orc warrior
  4090 | D:6      | Noticed a sky beast
  4092 | D:6      | Shot with a bolt by an orc warrior

Illustrated notes

Levels and vault maps discovered:
D:1:      dpeg_arrival_houses_and_road, layout_loops_cross
D:2:      layout_loops_ring, hellmonk_ecumenical_altar_pennies_from_heaven,
          serial_shops, shop, basic_altar, cheibrodos_gnoll_hut, uniq_natasha
D:3:      layout_basic, nemelex_altar_shiori, gammafunk_ghost_grave,
          uniq_jessica, uniq_crazy_yiuf_cottage
D:4:      kennysheep_the_goblin_king, layout_loops_corners,
          chequers_temple_overflow_statue_of_worship, kennysheep_doodads,
          hangedman_decor_points, uniq_blork_the_orc
D:6:      layout_rooms, grunt_temple_overflow_diamond

Skill      XL: |  1  2  3  4  5 |
---------------+----------------+-----
Dodging        | 2 |  2.2
Fire Magic     | 3 4 |  4.0
Stealth        | 2 |  2.1
Short Blades   | 1 |  1.0
Spellcasting   | 3 |  3.9
Conjurations   | 2 |  2.9
Fighting       | |  0.2

Action                   |  1- 3 |  4- 6 || total
-------------------------+-------+-------++-------
Melee: Short sword       |    49 |    17 ||    66
       Tailslap          |     1 |     3 ||     4
       Punch             |     1 |       ||     1
       Quarterstaff      |       |     8 ||     8
 Cast: Foxfire           |    58 |   125 ||   183
       Scorch            |       |     6 ||     6
  Use: Potion            |     3 |     1 ||     4
       Scroll            |     2 |       ||     2
Armor: Robe              |    24 |     4 ||    28
       Skin              |     4 |       ||     4
Dodge: Dodged            |    29 |    21 ||    50
Block: Other             |       |     2 ||     2

Table legend: (Time is in decaauts)
 A = Elapsed time spent in this place.
 B = Non-inter-level travel time spent in this place.
 C = Inter-level travel time spent in this place.
 D = Time resting spent in this place.
 E = Time spent auto-exploring this place.
 F = Levels seen in this place.
 G = Mean time per level.
                   A        B        C        D        E       F      G
               +--------+--------+--------+--------+--------+-----+--------+
         Total |   4095 |   3993 |    102 |      0 |   3400 |   5 |  819.0 |
       Dungeon |   4095 |   3993 |    102 |      0 |   3400 |   5 |  819.0 |
               +--------+--------+--------+--------+--------+-----+--------+

Top non-repeatable levels by time:
     D:2: 1352 daAuts
     D:1: 1239 daAuts
     D:3: 995 daAuts
     D:4: 494 daAuts
     D:6: 13 daAuts
